 Dungeon Crawl Stone Soup version 0.30.1-3-gfc49f6343a (webtiles) character file.

Game seed: 522090210818937813

655 monsoonserge the Chopper (level 7, -4/61 HPs)
             Began as a Hill Orc Fighter on Aug 5, 2023.
             Was an Initiate of Makhleb.
             Slain by a killer bee (7 damage)
             ... on level 4 of the Dungeon.
             The game lasted 00:09:29 (4145 turns).

monsoonserge the Chopper (Hill Orc Fighter)         Turns: 4145, Time: 00:09:30

Health: -4/61      AC: 16    Str: 21    XL:     7   Next: 54%
Magic:  7/7        EV:  7    Int:  8    God:    Makhleb [......]
Gold:   119        SH:  8    Dex: 10    Spells: 6/6 levels left

rFire   + . .        a - +0 war axe
rCold   + . .        p - +0 kite shield
rNeg    . . .        A - +4 chain mail {rF+}
rPois   .            n - +0 helmet
rElec   .            (no cloak)
rCorr   .            j - +0 pair of gloves
SInv    .            (no boots)
Will    .....        (no amulet) Stlth
                     c - ring of protection from cold
HPRegen 0.30/turn    (no ring)
MPRegen 0.10/turn

%: no passive effects
@: no status effects
A: no striking features
a: Renounce Religion


You were on level 4 of the Dungeon.
You worshipped Makhleb.
Makhleb was noncommittal.
You visited 2 branches of the dungeon, and saw 6 of its levels.

You collected 119 gold pieces.

Inventory:

Hand Weapons
 a - a +0 war axe (weapon)
Missiles
 f - 2 boomerangs
 o - 6 boomerangs of dispersal
 r - 6 poisoned darts (quivered)
 u - 2 throwing nets
Armour
 j - a +0 pair of gloves (worn)
 n - a +0 helmet (worn)
 p - a +0 kite shield (worn)
 A - a +4 chain mail of fire resistance (worn)
Magical Staves
 w - a staff of air
Jewellery
 c - a ring of protection from cold (left hand)
Scrolls
 h - 2 scrolls of amnesia {unknown}
 k - 7 scrolls of identify {unknown}
 m - a scroll of immolation {unknown}
 s - a scroll of noise {unknown}
 t - 2 scrolls of teleportation {unknown}
 x - a scroll of fog {unknown}
 y - a scroll of silence {unknown}
Potions
 d - 2 potions of might
 e - a potion of curing
 g - a potion of heal wounds {unknown}
 i - a potion of mutation {unknown}
 l - 2 potions of attraction {unknown}
 q - 2 potions of degeneration {unknown}
 v - a potion of haste {unknown}
 z - a potion of berserk rage {unknown}


   Skills:
 + Level 5.0 Fighting
 + Level 7.2 Axes
 + Level 0.1 Throwing
 + Level 5.2 Armour
 + Level 0.8 Dodging
 + Level 5.0 Shields


You had 6 spell levels left.
You didn't know any spells.
Your spell library contained the following spells:

 Spells                   Type           Power      Damage    Failure   Level
 Vhi's Electric Charge    Tloc/Air       0%         N/A       100%        3
 Arcjolt                  Conj/Air       0%         1d10      100%        5
 Conjure Ball Lightning   Conj/Air       0%         3x3d6     100%        6
 Plasma Beam              Fire/Air       0%         2x1d11    100%        6
 Discord                  Hex            0%         N/A       100%        8
 Disjunction              Tloc           0%         N/A       100%        8


Dungeon Overview and Level Annotations

Branches:
Dungeon (5/15)             Temple (1/1) D:4

Altars:
Cheibriados
Makhleb
Nemelex Xobeh
Okawaru
Qazlal
Sif Muna
Trog
Uskayaw
Wu Jian
Zin

Annotations:
D:4 4 runed translucent doors


Message History

You block the killer bee's attack.
You hit the killer bee.
The killer bee is moderately wounded.
The killer bee stings you but does no damage.
The killer bee barely misses you.
The killer bee stings you but does no damage.
You barely miss the killer bee.
The killer bee is moderately wounded.
The killer bee stings you but does no damage.
You block the killer bee's attack.
You closely miss the killer bee.
The killer bee is moderately wounded.
You block the killer bee's attack. The killer bee stings you.
* * * LOW HITPOINT WARNING * * *
You are poisoned.
The killer bee poisons you! The killer bee closely misses you.
You barely miss the killer bee.
The killer bee is moderately wounded.
* * * LOW HITPOINT WARNING * * *
You feel very sick. The killer bee closely misses you.
The killer bee stings you.
* * * LOW HITPOINT WARNING * * *
The killer bee stings you but does no damage.
You feel better.
The killer bee stings you but does no damage.
You block the killer bee's attack.
Okay, then.
You miss the killer bee.
The killer bee is moderately wounded.
The killer bee barely misses you.
The killer bee stings you but does no damage.
You hit the killer bee.
The killer bee is severely wounded.
The killer bee closely misses you. You block the killer bee's attack.
The killer bee stings you.
* * * LOW HITPOINT WARNING * * *
You miss the killer bee.
The killer bee is severely wounded.
The killer bee stings you!
You die...

###.## .....#### ###########
#.......######.........#
#.#..##........#######.#
#.#..##.######.# #.# .....##.#
#.# #.# ..##.##.# ##.##
#.#######
..##.##.#####..y######.......#
..##....##....#.@.......####.#
..##.##.##.##<..#######.# #.#
..##.##.##.###.## #.# #.#
#.##.##.##.# #.# #.# #.#
#.##.##.##.###.# #.####.#
...............# #.#....#
........######.# #.#.####
####..########.### ##.#.#
#.............# #....#


You could see a killer bee.

Vanquished Creatures
  An ogre (D:4)
  A bullfrog (D:4)
  2 scorpions (D:4)
  2 hounds (D:4)
  A sleepcap (D:4)
  4 iguanas
  An orc wizard (D:4)
  Natasha (D:2)
  3 gnolls (D:3)
  3 adders (D:4)
  3 worms (D:2)
  A dart slug (D:4)
  3 orcs (D:3)
  7 endoplasms
  5 giant cockroaches
  9 goblins
  3 hobgoblins
  2 jackals (D:1)
  13 kobolds
  5 quokkas
  11 ball pythons
  7 bats
  5 frilled lizards
  4 rats
  A butterfly (D:4)
98 creatures vanquished.

Notes
Turn   | Place    | Note
-------+----------+-------------------------------------------
     0 | D:1      | monsoonserge the Hill Orc Fighter began the quest for the
                  | Orb.
     0 | D:1      | Reached XP level 1. HP: 19/19 MP: 1/1
   139 | D:1      | Reached XP level 2. HP: 26/27 MP: 2/2
   357 | D:1      | Reached skill level 3 in Axes
   585 | D:1      | Reached XP level 3. HP: 33/33 MP: 3/3
  1226 | D:2      | Identified the +0 hand axe "Fetihiemn" {heavy, rF- Str+9
                  | Int-4 Stlth+}
  1299 | D:2      | Reached XP level 4. HP: 36/40 MP: 4/4
  1376 | D:2      | Noticed Natasha
  1378 | D:2      | Identified the +1 whip "Weriduto" {freeze, Dex+4}
  1385 | D:2      | Killed Natasha
  1386 | D:2      | Reached skill level 4 in Axes
  1772 | D:3      | Reached XP level 5. HP: 9/46 MP: 5/5
  2517 | D:4      | Reached skill level 5 in Axes
  2693 | D:4      | Found a staircase to the Ecumenical Temple.
  2705 | Temple   | Entered the Ecumenical Temple
  2755 | Temple   | Became a worshipper of Makhleb the Destroyer
  2778 | D:4      | Noticed an ogre
  2785 | D:4      | Killed an ogre
  2786 | D:4      | Reached skill level 6 in Axes
  2786 | D:4      | Reached XP level 6. HP: 19/53 MP: 6/6
  3275 | D:4      | Found a large runed translucent door.
  3275 | D:4      | Found a large runed translucent door.
  3294 | D:4      | Reached skill level 5 in Armour
  3294 | D:4      | Reached XP level 7. HP: 51/60 MP: 7/7
  3332 | D:4      | Identified the +0 leather armour of Valiance {Drain rElec
                  | Str+3 SInv}
  3386 | D:4      | Noticed a yak
  3434 | D:4      | Reached skill level 5 in Fighting
  3475 | D:4      | Found a sparkling altar of Nemelex Xobeh.
  3701 | D:4      | Found a large runed translucent door.
  3701 | D:4      | Found a large runed translucent door.
  3770 | D:4      | Reached skill level 7 in Axes
  4115 | D:5      | Entered Level 5 of the Dungeon
  4128 | D:5      | Reached skill level 5 in Shields
  4141 | D:4      | HP: 1/61 [killer bee (4)]
  4145 | D:4      | Slain by a killer bee

Illustrated notes

Levels and vault maps discovered:
D:1:      lemuel_arrival_hallway, layout_loops_corners
D:2:      layout_rooms, interstate_on_off, uniq_natasha
D:3:      layout_loops_ring
D:4:      layout_loops_ring, kennysheep_mini, minmay_temple_entry_butterflies,
          minmay_liquid_box, minmay_hollow_rounded_squares
D:5:      layout_basic, elyvilon_altar_5, worldfamousw_hep_ancestral_shrine,
          serial_co_window_serial, co_window_corner_a, co_window_corner_a,
          co_window_paths_b, co_window_paths_a, co_window_paths_a,
          co_window_corner_b, co_window_of_opportunity_b,
          co_window_unsneaky_path_d, co_window_corner_b, co_window_corner_ca,
          glass_columns_b, glass_columns_a, minmay_manual_monolith
Temple:   nicolae_temple_ecumenical_triangle

Skill      XL: |  1  2  3  4  5  6  7 |
---------------+----------------------+-----
Axes           | 3 4 6 7 |  7.2
Fighting       | 4 5 |  5.0
Armour         | 4 5 |  5.2
Shields        | 4 5 |  5.0
Throwing       | |  0.1
Dodging        | |  0.8

Action                     |  1- 3 |  4- 6 |  7- 9 || total
---------------------------+-------+-------+-------++-------
  Melee: War axe           |   157 |   114 |    80 ||   351
  Throw: Dart              |       |     1 |       ||     1
    Use: Potion            |       |     1 |     2 ||     3
 Armour: Scale mail        |   103 |    33 |    27 ||   163
         Chain mail        |       |       |    26 ||    26
  Dodge: Dodged            |    88 |    30 |    41 ||   159
  Block: Buckler           |    22 |       |       ||    22
         Kite shield       |    37 |    49 |    41 ||   127
